| TOP OF THE 1ST |
|
Charlotte Knights batting - Pitching for Fresno Grizzlies : RHP Ricardo Acosta
|
|
Pitching: RHP Ricardo Acosta
|
|
|
Batting: RHB Jason Moss
|
0-0: Ball 1-0: Reached on error, E2 (Groundball, 2L, EV 68.1 MPH)
|
|
Batting: LHB Angel Tellez
|
0-0: Called Strike 0-1: Called Strike 0-2: Ball 1-2: Foul Ball, location: 2F 1-2: Ball 2-2: Foul Ball, location: 2F 2-2: Ball 3-2: Strikes out looking
|
|
Batting: LHB Hirakito Herring
|
0-0: Ball 1-0: Ball 2-0: Ball 3-0: Called Strike 3-1: Foul Ball, location: 2F 3-2: Foul Ball, location: 2F 3-2: Base on Balls
|
|
Batting: LHB Dustin Taylor
|
0-0: Called Strike 0-1: Ball 1-1: Ball 2-1: Ball 3-1: Foul Ball, location: 2F 3-2: Foul Ball, location: 2F 3-2: Strikes out swinging
|
|
Batting: LHB Matt Hyde
|
0-0: Foul Ball, location: 2F 0-1: Ball 1-1: Ball 2-1: Fielders Choice at 2nd, 6-4 (Groundball, 56, EV 93.8 MPH)
|
| Top of the 1st over - 0 runs, 0 hits, 1 error, 2 left on base; Charlotte 0 - Fresno 0 |
| BOTTOM OF THE 1ST |
|
Fresno Grizzlies batting - Pitching for Charlotte Knights : RHP Roberto Preciado
|
|
Pitching: RHP Roberto Preciado
|
|
|
Batting: RHB Ben Hoffman
|
0-0: Swinging Strike 0-1: Foul Ball, location: 2F 0-2: Strikes out swinging
|
|
Batting: RHB Chris Fitzgerald
|
0-0: Called Strike 0-1: Ball 1-1: Ball 2-1: SINGLE (Groundball, 4MS, EV 68.8 MPH) (infield hit)
|
|
Batting: LHB Chris Cabrera
|
0-0: Foul Ball, location: 2F 0-1: Foul Ball, location: 2F 0-2: Grounds into double play, 6-4-3 (Groundball, 6, EV 78.1 MPH)
|
| Bottom of the 1st over - 0 runs, 1 hit, 0 errors, 0 left on base; Charlotte 0 - Fresno 0 |
| TOP OF THE 2ND |
|
Charlotte Knights batting - Pitching for Fresno Grizzlies : RHP Ricardo Acosta
|
|
Batting: RHB Micah Brown
|
0-0: Called Strike 0-1: Ball 1-1: Ball 2-1: Foul Ball, location: 2F 2-2: Strikes out looking
|
|
Batting: SHB Eduardo Maldonado
|
0-0: Ball 1-0: Ball 2-0: Ball 3-0: Base on Balls
|
|
Batting: LHB Alberto Carrasco
|
0-0: Ball 1-0: Called Strike 1-1: Called Strike 1-2: Strikes out swinging
|
|
Batting: RHB John Iddings
|
0-0: Ball 1-0: Foul Ball, location: 2F 1-1: Called Strike 1-2: Foul Ball, location: 2F 1-2: Ball 2-2: Ball 3-2: Base on Balls Eduardo Maldonado to second
|
|
Batting: RHB Jason Moss
|
0-0: Foul Ball, location: 2F 0-1: Fly out, F8 (Line Drive, 8RM, EV 100.6 MPH)
|
| Top of the 2nd over - 0 runs, 0 hits, 0 errors, 2 left on base; Charlotte 0 - Fresno 0 |
| BOTTOM OF THE 2ND |
|
Fresno Grizzlies batting - Pitching for Charlotte Knights : RHP Roberto Preciado
|
|
Batting: RHB Bill Cabrera
|
0-0: Ball 1-0: SINGLE (Flyball, 3D, EV 91.2 MPH)
|
|
Batting: LHB Doug Anderson
|
0-0: Ball 1-0: Ball 2-0: DOUBLE (Flyball, 78XD, EV 115.0 MPH) Bill Cabrera to third
|
|
Batting: RHB Ramon Castellon
|
0-0: Ball 1-0: Ball 2-0: Foul Ball, location: 2F 2-1: Swinging Strike 2-2: Foul Ball, location: 2F 2-2: Ball 3-2: Foul Ball, location: 2F 3-2: Foul Ball, location: 2F 3-2: Base on Balls
|
|
Batting: RHB Raul Sanchez
|
0-0: Called Strike 0-1: SINGLE (Line Drive, 78S, EV 96.9 MPH) Bill Cabrera scores Doug Anderson to third Ramon Castellon to second
|
|
Batting: RHB Edgar Trejo
|
0-0: Foul Ball, location: 2F 0-1: Swinging Strike 0-2: Foul Ball, location: 2F 0-2: Ball 1-2: Strikes out looking
|
|
Batting: RHB Matt Parker
|
0-0: Ball 1-0: Ball 2-0: Ball 3-0: Called Strike 3-1: Foul Ball, location: 2F 3-2: Strikes out looking
|
|
Batting: RHB Ben Hoffman
|
0-0: Ball 1-0: Foul Ball, location: 2F 1-1: Ground out 4-3 (Groundball, 4, EV 91.9 MPH)
|
| Bottom of the 2nd over - 1 run, 3 hits, 0 errors, 3 left on base; Charlotte 0 - Fresno 1 |
| TOP OF THE 3RD |
|
Charlotte Knights batting - Pitching for Fresno Grizzlies : RHP Ricardo Acosta
|
|
Batting: LHB Angel Tellez
|
0-0: Ball 1-0: Ground out 4-3 (Groundball, 4, EV 99.4 MPH)
|
|
Batting: LHB Hirakito Herring
|
0-0: Ball 1-0: Called Strike 1-1: Ball 2-1: Foul Ball, location: 2F 2-2: Foul Ball, location: 2F 2-2: Ground out 4-3 (Groundball, 34, EV 79.4 MPH)
|
|
Batting: LHB Dustin Taylor
|
0-0: Ball 1-0: Foul Ball, location: 2F 1-1: Ball 2-1: Fly out, F9 (Flyball, 9LS, EV 85.0 MPH)
|
| Top of the 3rd over - 0 runs, 0 hits, 0 errors, 0 left on base; Charlotte 0 - Fresno 1 |
| BOTTOM OF THE 3RD |
|
Fresno Grizzlies batting - Pitching for Charlotte Knights : RHP Roberto Preciado
|
|
Batting: RHB Chris Fitzgerald
|
0-0: Ball 1-0: Ball 2-0: Called Strike 2-1: Foul Ball, location: 2F 2-2: Ground out 5-3 (Groundball, 56, EV 101.9 MPH)
|
|
Batting: LHB Chris Cabrera
|
0-0: Called Strike 0-1: Foul Ball, location: 2F 0-2: Ball 1-2: Ball 2-2: Foul Ball, location: 2F 2-2: Strikes out looking
|
|
Batting: RHB Bill Cabrera
|
0-0: Swinging Strike 0-1: Swinging Strike 0-2: Ball 1-2: Ball 2-2: Ball 3-2: Base on Balls
|
|
Batting: LHB Doug Anderson
|
0-0: Ball 1-0: Called Strike 1-1: Foul Ball, location: 2F 1-2: Ball 2-2: Ball 3-2: Strikes out swinging
|
| Bottom of the 3rd over - 0 runs, 0 hits, 0 errors, 1 left on base; Charlotte 0 - Fresno 1 |
| TOP OF THE 4TH |
|
Charlotte Knights batting - Pitching for Fresno Grizzlies : RHP Ricardo Acosta
|
|
Batting: LHB Matt Hyde
|
0-0: Called Strike 0-1: Ball 1-1: Swinging Strike 1-2: Strikes out swinging
|
|
Batting: RHB Micah Brown
|
0-0: Ball 1-0: Ball 2-0: Swinging Strike 2-1: Foul Ball, location: 2F 2-2: Ball 3-2: Strikes out swinging
|
|
Batting: SHB Eduardo Maldonado
|
0-0: Ball 1-0: Called Strike 1-1: Fly out, F7 (Flyball, 7S, EV 90.0 MPH)
|
| Top of the 4th over - 0 runs, 0 hits, 0 errors, 0 left on base; Charlotte 0 - Fresno 1 |
| BOTTOM OF THE 4TH |
|
Fresno Grizzlies batting - Pitching for Charlotte Knights : RHP Roberto Preciado
|
|
Batting: RHB Ramon Castellon
|
0-0: Called Strike 0-1: Foul Ball, location: 2F 0-2: Strikes out swinging
|
|
Batting: RHB Raul Sanchez
|
0-0: Swinging Strike 0-1: Fly out, F7 (Flyball, 78M, EV 85.0 MPH)
|
|
Batting: RHB Edgar Trejo
|
0-0: Ball 1-0: Ball 2-0: Called Strike 2-1: Ball 3-1: Foul Ball, location: 2F 3-2: Ground out 6-3 (Groundball, 56, EV 106.9 MPH)
|
| Bottom of the 4th over - 0 runs, 0 hits, 0 errors, 0 left on base; Charlotte 0 - Fresno 1 |
| TOP OF THE 5TH |
|
Charlotte Knights batting - Pitching for Fresno Grizzlies : RHP Ricardo Acosta
|
|
Batting: LHB Alberto Carrasco
|
0-0: Called Strike 0-1: Called Strike 0-2: SINGLE (Line Drive, 4D, EV 100.0 MPH)
|
|
Batting: RHB John Iddings
|
|
|
Pinch Hitting: LHB John Thurman
|
0-0: Called Strike 0-1: Grounds into double play, 4-6-3 (Groundball, 4, EV 85.0 MPH)
|
|
Batting: RHB Jason Moss
|
0-0: Ball 1-0: SINGLE (Line Drive, 9S, EV 104.4 MPH)
|
|
Batting: LHB Angel Tellez
|
0-0: Ball Jason Moss steals 2nd base 1-0: SINGLE (Line Drive, 8LS, EV 97.5 MPH) Jason Moss to third Runner from 3rd tries for Home, SAFE, throw by CF to home Angel Tellez to second
|
|
Batting: LHB Hirakito Herring
|
0-0: Ball Wild Pitch! Angel Tellez to third 1-0: Called Strike 1-1: Ground out 4-3 (Groundball, 4, EV 82.5 MPH)
|
| Top of the 5th over - 1 run, 3 hits, 0 errors, 1 left on base; Charlotte 1 - Fresno 1 |
| BOTTOM OF THE 5TH |
|
Fresno Grizzlies batting - Pitching for Charlotte Knights : RHP Roberto Preciado
|
|
Now at SS: Ching-hsia Zhang
|
|
|
Batting: RHB Matt Parker
|
0-0: Called Strike 0-1: Ball 1-1: Foul Ball, location: 2F 1-2: Ground out 6-3 (Groundball, 6, EV 90.6 MPH)
|
|
Batting: RHB Ben Hoffman
|
0-0: Called Strike 0-1: Ball 1-1: Ball 2-1: Ground out 5-3 (Groundball, 56, EV 101.9 MPH)
|
|
Batting: RHB Chris Fitzgerald
|
0-0: Ground out 6-3 (Groundball, 6, EV 103.8 MPH)
|
| Bottom of the 5th over - 0 runs, 0 hits, 0 errors, 0 left on base; Charlotte 1 - Fresno 1 |
| TOP OF THE 6TH |
|
Charlotte Knights batting - Pitching for Fresno Grizzlies : RHP Ricardo Acosta
|
|
Batting: LHB Dustin Taylor
|
0-0: Ball 1-0: Called Strike 1-1: Swinging Strike 1-2: Strikes out swinging
|
|
Batting: LHB Matt Hyde
|
0-0: Ball 1-0: SINGLE (Groundball, 4MD, EV 101.2 MPH)
|
|
Batting: RHB Micah Brown
|
0-0: Ball 1-0: Called Strike Matt Hyde is caught stealing 2nd base 2-4 1-1: Foul Ball, location: 2F 1-2: SINGLE (Line Drive, 34D, EV 97.5 MPH)
|
|
Batting: SHB Eduardo Maldonado
|
0-0: SINGLE (Line Drive, 4MD, EV 96.9 MPH) Micah Brown to second
|
|
Pinch Runner at 2nd Josh Gottlieb:
|
|
|
Batting: LHB Alberto Carrasco
|
0-0: Foul Ball, location: 2F 0-1: Foul Ball, location: 2F 0-2: Ground out U3 (Groundball, 3, EV 108.8 MPH)
|
| Top of the 6th over - 0 runs, 3 hits, 0 errors, 2 left on base; Charlotte 1 - Fresno 1 |
| BOTTOM OF THE 6TH |
|
Fresno Grizzlies batting - Pitching for Charlotte Knights : RHP Roberto Preciado
|
|
Now at 3B: John DeVillier
|
|
|
Batting: LHB Chris Cabrera
|
0-0: Foul Ball, location: 2F 0-1: Ball 1-1: Called Strike 1-2: Ball 2-2: Ground out 6-3 (Groundball, 6, EV 103.1 MPH)
|
|
Batting: RHB Bill Cabrera
|
0-0: Called Strike 0-1: Ball 1-1: Called Strike 1-2: Ground out 5-3 (Groundball, 5L, EV 81.2 MPH)
|
|
Batting: LHB Doug Anderson
|
0-0: Ball 1-0: Ball 2-0: Ball 3-0: Called Strike 3-1: Base on Balls
|
|
Batting: RHB Ramon Castellon
|
0-0: Called Strike 0-1: Ball 1-1: Called Strike 1-2: Strikes out swinging
|
| Bottom of the 6th over - 0 runs, 0 hits, 0 errors, 1 left on base; Charlotte 1 - Fresno 1 |
| TOP OF THE 7TH |
|
Charlotte Knights batting - Pitching for Fresno Grizzlies : RHP Ricardo Acosta
|
|
Pitching: RHP Gerardo Huerta
|
|
|
Batting: RHB Ching-hsia Zhang
|
0-0: Ball 1-0: Ground out 5-3 (Groundball, 56, EV 100.0 MPH)
|
|
Batting: RHB Jason Moss
|
0-0: Called Strike 0-1: Ball 1-1: Ground out 6-3 (Groundball, 56, EV 86.9 MPH)
|
|
Batting: LHB Angel Tellez
|
0-0: SINGLE (Line Drive, 8LS, EV 95.6 MPH)
|
|
Batting: LHB Hirakito Herring
|
0-0: Ground out 4-3 (Groundball, 34S, EV 84.4 MPH)
|
| Top of the 7th over - 0 runs, 1 hit, 0 errors, 1 left on base; Charlotte 1 - Fresno 1 |
| BOTTOM OF THE 7TH |
|
Fresno Grizzlies batting - Pitching for Charlotte Knights : RHP Roberto Preciado
|
|
Pitching: RHP Tommy Benedict
|
|
|
Batting: RHB Raul Sanchez
|
0-0: Called Strike 0-1: Foul Ball, location: 2F 0-2: Foul Ball, location: 2F 0-2: Ball 1-2: Foul Ball, location: 2F 1-2: Ball 2-2: Strikes out swinging
|
|
Batting: RHB Edgar Trejo
|
0-0: Called Strike 0-1: Foul Ball, location: 2F 0-2: Fly out, F8 (Flyball, 8LD, EV 101.9 MPH)
|
|
Batting: RHB Matt Parker
|
0-0: Ball 1-0: Swinging Strike 1-1: Called Strike 1-2: Strikes out swinging
|
| Bottom of the 7th over - 0 runs, 0 hits, 0 errors, 0 left on base; Charlotte 1 - Fresno 1 |
| TOP OF THE 8TH |
|
Charlotte Knights batting - Pitching for Fresno Grizzlies : RHP Gerardo Huerta
|
|
Batting: LHB Dustin Taylor
|
0-0: Foul Ball, location: 2F 0-1: Fly out, F3 (Line Drive, 3L, EV 70.0 MPH)
|
|
Batting: LHB Matt Hyde
|
0-0: Ball 1-0: Foul Ball, location: 2F 1-1: Ball 2-1: Called Strike 2-2: Ground out 4-3 (Groundball, 4, EV 102.5 MPH)
|
|
Pinch Hitting: LHB Larry Myers
|
0-0: Fly out, F9 (Flyball, 9LS, EV 84.4 MPH)
|
| Top of the 8th over - 0 runs, 0 hits, 0 errors, 0 left on base; Charlotte 1 - Fresno 1 |
| BOTTOM OF THE 8TH |
|
Fresno Grizzlies batting - Pitching for Charlotte Knights : RHP Tommy Benedict
|
|
Now at 3B: Danny Longoria
|
|
|
Batting: RHB Ben Hoffman
|
0-0: Called Strike 0-1: Foul Ball, location: 2F 0-2: Hit by Pitch
|
|
Batting: RHB Chris Fitzgerald
|
0-0: Ball 1-0: Ball 2-0: SINGLE (Line Drive, 7S, EV 96.2 MPH) Ben Hoffman to second
|
|
Batting: LHB Chris Cabrera
|
0-0: Called Strike 0-1: SINGLE (Groundball, 4M, EV 105.0 MPH) (infield hit) Ben Hoffman to third Chris Fitzgerald to second
|
|
Batting: RHB Bill Cabrera
|
0-0: Foul Ball, location: 2F 0-1: Ball 1-1: Ball 2-1: Swinging Strike 2-2: Foul Ball, location: 2F 2-2: Foul Ball, location: 2F 2-2: DOUBLE (Flyball, 89D, EV 95.0 MPH) Ben Hoffman scores Chris Fitzgerald scores Chris Cabrera to third
|
|
Batting: LHB Doug Anderson
|
0-0: Intentional Walk
|
|
Batting: RHB Ramon Castellon
|
0-0: Ball 1-0: SINGLE (Groundball, 6, EV 96.2 MPH) Chris Cabrera scores Bill Cabrera to third Doug Anderson to second
|
|
Pitching: RHP Michael McMurry
|
|
|
Batting: RHB Raul Sanchez
|
0-0: SINGLE (Groundball, 4D, EV 96.2 MPH) Bill Cabrera scores Doug Anderson to third Ramon Castellon to second Runner from 3rd tries for Home, throw by RF and OUT! 9-2
|
|
Batting: RHB Edgar Trejo
|
0-0: Ball 1-0: Ball 2-0: Called Strike 2-1: Foul Ball, location: 2F 2-2: Ball 3-2: Base on Balls Ramon Castellon to third Raul Sanchez to second
|
|
Batting: RHB Matt Parker
|
0-0: Called Strike 0-1: Swinging Strike 0-2: Strikes out swinging
|
|
Batting: RHB Ben Hoffman
|
0-0: Called Strike 0-1: Ground out 4-3 (Groundball, 4, EV 84.4 MPH)
|
| Bottom of the 8th over - 4 runs, 5 hits, 0 errors, 3 left on base; Charlotte 1 - Fresno 5 |
| TOP OF THE 9TH |
|
Charlotte Knights batting - Pitching for Fresno Grizzlies : RHP Gerardo Huerta
|
|
Batting: SHB Eduardo Maldonado
|
0-0: Ball 1-0: Foul Ball, location: 2F 1-1: SINGLE (Groundball, 4MD, EV 106.2 MPH)
|
|
Batting: LHB Alberto Carrasco
|
0-0: Called Strike 0-1: Ball 1-1: Ball Wild Pitch! Eduardo Maldonado to second 2-1: Fly out, F9 (Flyball, 9D, EV 93.1 MPH) Runner from 2nd tags up, SAFE at 3rd, no throw by RF
|
|
Batting: RHB Ching-hsia Zhang
|
0-0: Called Strike 0-1: Called Strike 0-2: Ball 1-2: Ball 2-2: Strikes out swinging
|
|
Batting: RHB Jason Moss
|
0-0: Called Strike 0-1: Ball 1-1: Foul Ball, location: 2F 1-2: Ball 2-2: Foul Ball, location: 2F 2-2: Ball 3-2: Ground out U3 (Groundball, 34, EV 93.1 MPH)
|
| Top of the 9th over - 0 runs, 1 hit, 0 errors, 1 left on base; Charlotte 1 - Fresno 5 |
|